 Dungeon Crawl Stone Soup version 0.19.0-1-g5985abe (webtiles) character file.

128 nikopol the Chopper (level 5, -1/47 HPs)
             Began as a Hill Orc Berserker on Nov 2, 2016.
             Was a Believer of Trog.
             Killed from afar by Sigmund (9 damage)
             ... with a magic dart
             ... on level 2 of the Dungeon.
             The game lasted 00:02:22 (1758 turns).

nikopol the Chopper (Hill Orc Berserker)            Turns: 1758, Time: 00:02:23

Health: -1/47      AC:  5    Str: 21    XL:     5   Next: 12%
Magic:  5/5        EV: 11    Int:  7    God:    Trog [**....]
Gold:   55         SH:  0    Dex: 10    Spells: 0 memorised, 4 levels left

rFire  . . .     SeeInvis .     a - +0 hand axe
rCold  . . .     Gourm    .     h - +0 ring mail (curse)
rNeg   . . .     Faith    .     (no shield)
rPois  .         Spirit   .     (no helmet)
rElec  .         Reflect  .     (no cloak)
rCorr  .         Harm     .     (no gloves)
MR     .....                    (no boots)
Stlth  ..........               (no amulet)
                                (no ring)
                                (no ring)

@: confused, exhausted, slowed, very slow
A: no striking features
a: Berserk, Trog's Hand, Burn Spellbooks, Renounce Religion


You were on level 2 of the Dungeon.
You worshipped Trog.
Trog was pleased with you.
You were very hungry.

You visited 1 branch of the dungeon, and saw 2 of its levels.

You collected 55 gold pieces.

Inventory:

Hand Weapons
 a - a +0 hand axe (weapon)
Armour
 b - a +0 animal skin
 h - a cursed +0 ring mail (worn)
Scrolls
 e - a scroll of enchant weapon {unknown}
 g - a scroll of immolation {unknown}
 j - 2 scrolls of random uselessness {unknown}
 l - a scroll of teleportation {unknown}
Potions
 d - a potion of curing
 i - a potion of cure mutation {unknown}
 k - 2 potions of lignification {unknown}
 n - a potion of degeneration {unknown}
Comestibles
 c - a bread ration
 f - 4 fruits


   Skills:
 + Level 4.4 Fighting
 + Level 5.0 Axes
 + Level 3.7 Armour
 + Level 2.3 Dodging


You had 4 spell levels left.
You didn't know any spells.

Dungeon Overview and Level Annotations

Branches:
Dungeon (2/15)

Altars:
Hepliaklqana

Annotations:
D:2 Sigmund


Message History

You feel less confused. Sigmund misses you.
You hit Sigmund.
Sigmund is lightly wounded.
Sigmund misses you.
You closely miss Sigmund.
Sigmund is lightly wounded.
Sigmund hits you with a scythe.
You hit Sigmund but do no damage.
Sigmund is lightly wounded.
Sigmund gestures at you while chanting.
You are confused.
Sigmund breathes a few words.
Sigmund's hands start flickering wildly.
Sigmund hits you with a scythe!
* * * LOW HITPOINT WARNING * * *
Sigmund misses you. Sigmund casts a spell at you. The magic dart hits you!
You die...

#...#.....# #..#
#.#.#########..#
#.#...#........#
#.###.#.######.############
#.# #.#.#...##.#.^...!...!#
#.###.#.#.#.##.#..........#
...##.#.#.#....#.@........#
...##.#.#.######..........#
...............†@.........#
...##.#....##.##<.........#
...)......................#
....#.##.#######.###.######
#...#.......####.# .#
....####......##.. .#
#...#.........#### ##
....#.##.......#
.#.##.##.......#


You could see Sigmund.

Vanquished Creatures
  Natasha (thrice) (D:2)
  An adder (D:2)
  3 worms (D:2)
  2 dart slugs (D:1)
  3 leopard geckos (D:2)
  A giant cockroach (D:2)
  3 goblins (D:2)
  6 hobgoblins
  2 kobolds
  4 bats
  2 frilled lizards (D:1)
  5 rats
35 creatures vanquished.

Notes
Turn   | Place    | Note
-------+----------+-------------------------------------------
     0 | D:1      | nikopol the Hill Orc Berserker began the quest for the Orb.
     0 | D:1      | Reached XP level 1. HP: 19/19 MP: 1/1
   132 | D:1      | Reached XP level 2. HP: 24/27 MP: 2/2
   565 | D:2      | Noticed Natasha
   576 | D:2      | Killed Natasha
   576 | D:2      | Reached XP level 3. HP: 33/33 MP: 3/3
   629 | D:2      | Noticed Natasha
   638 | D:2      | Killed Natasha
   638 | D:2      | Reached XP level 4. HP: 13/40 MP: 4/4
   905 | D:2      | Reached ** piety under Trog
  1082 | D:2      | Noticed Natasha
  1109 | D:2      | Killed Natasha
  1370 | D:2      | Found a hazy altar of Hepliaklqana.
  1511 | D:2      | Reached XP level 5. HP: 39/47 MP: 5/5
  1732 | D:2      | Reached skill level 5 in Axes
  1733 | D:2      | Noticed Sigmund
  1758 | D:2      | Killed from afar by Sigmund

Skill      XL: |  1  2  3  4  5 |
---------------+----------------+-----
Fighting       | 4 |  4.4
Dodging        | 2 |  2.3
Armour         | 3 |  3.7
Axes           | 5 |  5.0

Action                   |  1- 3 |  4- 6 || total
-------------------------+-------+-------++-------
Melee: Hand axe          |    56 |    87 ||   143
Invok: Berserk           |     2 |     2 ||     4
  Eat: Chunk             |       |     5 ||     5
Armor: Animal skin       |     5 |       ||     5
       Ring mail         |     4 |    41 ||    45
Dodge: Dodged            |    31 |    63 ||    94
